 Dungeon Crawl Stone Soup version 0.30-a0-305-g026cb31310 (webtiles) character file.

Game seed: 13160457489430327800

45 byup the Sneak (level 3, 0/21 HPs)
             Began as a Vampire Brigand on Oct 22, 2022.
             Was a Believer of Ru.
             Slain by a jackal (1 damage)
             ... on level 2 of the Dungeon.
             The game lasted 00:12:53 (1220 turns).

byup the Sneak (Vampire Brigand)                    Turns: 1220, Time: 00:12:54

Health: 0/21       AC:  5    Str: 10    XL:     3   Next: 42%
Magic:  3/3        EV: 12    Int: 13    God:    Ru [**....]
Gold:   13         SH:  0    Dex: 17    Spells: 2/2 levels left

rFire   . . .      SeeInvis +    a - +2 dagger
rCold   + + .      Faith    .    (no shield)
rNeg    + + +      Spirit   .    n - +2 robe {Will+}
rPois   ∞          Reflect  .    (no helmet)
rElec   .          Harm     .    l - +0 cloak
rCorr   .          Rampage  .    (no gloves)
Will    +....                    (no boots)
Stlth   ++++++....               (no amulet)
HPRegen 0.00/turn                (no ring)
MPRegen 0.08/turn                (no ring)

@: bloodless, inhibited regen
A: bloodless, fangs 3, see invisible, inability to use devices, vampiric 2
a: Bat Form, Revivify, Renounce Religion


You were on level 2 of the Dungeon.
You worshipped Ru.
Ru was pleased with you.
You visited 1 branch of the dungeon, and saw 2 of its levels.

You collected 13 gold pieces.

Inventory:

Hand Weapons
 a - a +2 dagger (weapon)
Missiles
 d - 9 poisoned darts (quivered)
 e - 3 curare-tipped darts
Armour
 b - a +0 robe
 l - a +0 cloak (worn)
 n - a +2 robe of willpower (worn)
Scrolls
 f - a scroll of immolation {unknown}
 g - a scroll of identify {unknown}
 h - a scroll of magic mapping {unknown}
 k - a scroll of noise {unknown}
 m - a scroll of fog {unknown}
Potions
 c - a potion of mutation {unknown}
 i - a potion of curing
 j - a potion of heal wounds {unknown}
 o - a potion of cancellation {unknown}


   Skills:
 + Level 1.9 Fighting
 * Level 2.5 Short Blades
 + Level 1.8 Throwing
 * Level 1.2 Dodging
 * Level 7.3 Stealth


You had 2 spell levels left.
You didn't know any spells.
Your spell library contained the following spells:

 Spells                   Type           Power      Damage    Failure   Level
 Necrotise                Necr           0%         1d4       30%         1
 Vampiric Draining        Necr           0%         2d6       67%         3
 Agony                    Necr           0%         N/A       100%        5


Dungeon Overview and Level Annotations

Branches:
Dungeon (2/15)

Altars:
Ru


Innate Abilities, Weirdness & Mutations

You do not regenerate when monsters are visible.
You are frail without blood (-20% HP).
You can heal yourself when you bite living creatures.
You are immune to poison.
You have razor-sharp teeth.
You have supernaturally acute eyesight. (SInv)
You cannot study or use magical devices.
You are afflicted with vampirism and can become a bat while bloodless.


Message History

You barely miss the rat. You bite the rat.
You draw the rat's blood!
You feel better.
The rat is heavily wounded.
A frilled lizard comes into view.
The rat completely misses you.
You hit the rat.
You kill the rat!
You hit the jackal but do no damage.
The jackal bites you but does no damage.
You barely miss the ball python. The jackal closely misses you.
The ball python bites you.
* * * LOW HITPOINT WARNING * * *
The ball python grabs you. The ball python constricts you.
* * * LOW HITPOINT WARNING * * *
You hit the ball python.
The ball python is severely wounded.
The jackal bites you but does no damage.
The ball python closely misses you. The ball python constricts you.
* * * LOW HITPOINT WARNING * * *
The jackal is stunned by your conviction and fails to attack.
You hit the ball python.
You kill the ball python!
The jackal is stunned by your conviction and fails to attack.
You barely miss the jackal.
The jackal bites you but does no damage.
You closely miss the jackal.
The jackal is stunned by your conviction and fails to attack.
You barely miss the jackal. The jackal barely misses you. The jackal bites you.
* * * LOW HITPOINT WARNING * * *
You closely miss the jackal. The jackal closely misses you.
The jackal attacks as you move away! The jackal barely misses you.
The jackal misses you.
Found an escape hatch in the floor.
The jackal attacks as you move away! The jackal barely misses you.
Found an escape hatch in the ceiling.
The jackal bites you but does no damage.
The jackal attacks as you move away! The jackal misses you.
The jackal closely misses you. The jackal bites you.
You die...

### #. #[. #. #.# #< #..
#.##### ##. ####..@..##
####. ###.....h...## #...#
>.......h....# #.##.
.........#...########....
..#.###.l.............###
###.....##..#.#.##.#####.#
.....#....g#.#.##.#####.###
##.#...##..#.# ##.........#
#...#. #..#.# #..####.#.#


You could see 2 jackals, a hobgoblin and a frilled lizard.

Vanquished Creatures
  A worm (D:2)
  A dart slug (D:2)
  An orc (D:2)
  5 bats
  4 endoplasms
  4 goblins
  2 hobgoblins (D:2)
  4 jackals (D:2)
  5 ball pythons
  2 frilled lizards (D:1)
  3 kobolds
  5 rats
37 creatures vanquished.

Vanquished Creatures (others)
  5 fungi
  4 plants (D:1)
9 creatures vanquished.

Grand Total: 46 creatures vanquished

Notes
Turn   | Place    | Note
-------+----------+-------------------------------------------
     0 | D:1      | byup the Vampire Brigand began the quest for the Orb.
     0 | D:1      | Reached XP level 1. HP: 16/16 MP: 1/1
   101 | D:1      | Reached skill level 6 in Stealth
   282 | D:1      | Reached XP level 2. HP: 16/17 MP: 2/2
   351 | D:1      | Found a faded altar of an unknown god.
   368 | D:1      | Prayed at the altar of an unknown god.
   368 | D:1      | Became a worshipper of Ru the Awakened
   869 | D:2      | Reached skill level 7 in Stealth
  1101 | D:2      | Gained mutation: You are afflicted with vampirism and can
                  | become a bat while bloodless. [Vampire growth]
  1101 | D:2      | Reached XP level 3. HP: 19/21 MP: 3/3
  1154 | D:2      | Gained mutation: You cannot study or use magical devices.
                  | [Ru sacrifice]
  1154 | D:2      | Reached * piety under Ru
  1154 | D:2      | Reached ** piety under Ru
  1209 | D:2      | HP: 1/21 [jackal (2)]
  1220 | D:2      | Slain by a jackal

Illustrated notes

Levels and vault maps discovered:
D:1:      onia_arrival_mini_maze, layout_basic,
          shapermc_ecumenical_altar_mp_ritualfount, minmay_misc_feat_tower
D:2:      layout_loops_ring, serial_shops, shop, uniq_crazy_yiuf_cottage

Skill      XL: |  1  2 |
---------------+-------+-----
Stealth        | 6 7 |  7.3
Fighting       | |  1.9
Short Blades   | |  2.5
Throwing       | |  1.8
Dodging        | |  1.2

Action                   || total
-------------------------++-------
Melee: Dagger            ||   113
       Bite              ||    18
       Punch             ||     1
Invok: Sacrifice Artific ||     1
 Abil: Exsanguinate      ||     1
 Stab: Sleeping          ||    13
Armor: Robe              ||    29
Dodge: Dodged            ||    56

Table legend: (Time is in decaauts)
 A = Elapsed time spent in this place.
 B = Non-inter-level travel time spent in this place.
 C = Inter-level travel time spent in this place.
 D = Time resting spent in this place.
 E = Time spent auto-exploring this place.
 F = Levels seen in this place.
 G = Mean time per level.
                   A        B        C        D        E       F      G
               +--------+--------+--------+--------+--------+-----+--------+
         Total |   1206 |   1108 |     98 |      0 |    365 |   2 |  603.0 |
       Dungeon |   1206 |   1108 |     98 |      0 |    365 |   2 |  603.0 |
               +--------+--------+--------+--------+--------+-----+--------+

Top non-repeatable levels by time:
     D:1: 791 daAuts
     D:2: 414 daAuts
